 Dungeon Crawl Stone Soup version 0.31-a0-180-g519b7de00c (webtiles) character file.

Game seed: 15339767836316538984

126 Maxmaps the Shooter (level 4, -2/33 HPs)
             Began as a Demonspawn Hunter on June 19, 2023.
             Slain by a gnoll
             ... wielding a +2 whip of flaming
              (7 damage)
             ... on level 2 of the Dungeon.
             The game lasted 00:01:04 (1746 turns).

Maxmaps the Shooter (Demonspawn Hunter)             Turns: 1746, Time: 00:01:04

Health: -2/33      AC:  3    Str: 11    XL:     4   Next: 84%
Magic:  4/4        EV: 12    Int: 11    God:
Gold:   28         SH:  0    Dex: 18    Spells: 3/3 levels left

rFire   . . .        a - +0 shortbow
rCold   . . .        (shield currently unavailable)
rNeg    . . .        c - +0 leather armour
rPois   .            (helmet restricted)
rElec   .            (no cloak)
rCorr   .            (no gloves)
SInv    .            (no boots)
Will    .....        (no amulet)
Stlth   ++           (no ring)
HPRegen 0.25/turn    (no ring)
MPRegen 0.09/turn

%: no passive effects
@: no status effects
A: antennae 2
a: no special abilities


You were on level 2 of the Dungeon.
You visited 1 branch of the dungeon, and saw 2 of its levels.

You collected 28 gold pieces.

Inventory:

Hand Weapons
 a - a +0 shortbow (weapon)
Missiles
 k - a throwing net
Armour
 c - a +0 leather armour (worn)
Jewellery
 f - a +5 ring of evasion
Scrolls
 b - a scroll of butterflies
 e - a scroll of brand weapon {unknown}
 h - 5 scrolls of identify {unknown}
 l - a scroll of vulnerability {unknown}
 m - a scroll of poison {unknown}
 n - 2 scrolls of blinking {unknown}
Potions
 d - a potion of lignification {unknown}
 g - a potion of might {unknown}
 i - 2 potions of curing {unknown}
 j - a potion of resistance {unknown}


   Skills:
 - Level 2.0 Fighting
 + Level 5.7 Ranged Weapons
 - Level 1.7 Dodging
 - Level 0.8 Stealth


You had 3 spell levels left.
You didn't know any spells.
Your spell library was empty.

Dungeon Overview and Level Annotations

Branches:
Dungeon (2/15)

Altars:

Annotations:
D:2 1 runed translucent door, Crazy Yiuf


Innate Abilities, Weirdness & Mutations

You have a pair of antennae on your head.


Message History

The arrow hits the gnoll but does no damage.
The gnoll is severely wounded.
The gnoll hits you with a +2 whip of flaming!
The gnoll burns you.
* * * LOW HITPOINT WARNING * * *
You are too injured to fight recklessly!
You are too injured to fight recklessly!
You are too injured to fight recklessly!
You are too injured to fight recklessly!
You are too injured to fight recklessly!
You are too injured to fight recklessly!
You are too injured to fight recklessly!
You are too injured to fight recklessly!
You are too injured to fight recklessly!
You are too injured to fight recklessly!
You are too injured to fight recklessly!
You are too injured to fight recklessly!
You are too injured to fight recklessly!
You are too injured to fight recklessly!
You are too injured to fight recklessly!
You are too injured to fight recklessly!
You are too injured to fight recklessly!
You are too injured to fight recklessly!
You are too injured to fight recklessly!
You are too injured to fight recklessly!
Unknown command.
Fire: a) +0 shortbow
Press: ? - help, Shift-Dir - straight line, f/p - gnoll
Aim: a gnoll, wielding a +2 whip of flaming (severely wounded, 68% to hit)
You shoot an arrow.
The arrow hits the gnoll but does no damage.
The gnoll is severely wounded.
The gnoll hits you from afar with a +0 spear.
* * * LOW HITPOINT WARNING * * *
The gnoll hits you with a +2 whip of flaming.
* * * LOW HITPOINT WARNING * * *
The gnoll burns you.
* * * LOW HITPOINT WARNING * * *
The gnoll hits you with a +2 whip of flaming!
You die...

....# #.# #.###.....#..... ....#
#.# #.#...#........... ....# #.#
#.#.#.#.###.###### ....# #.#
#.#...#.# #.# # ##### #.#
#.#.###.# #.# # #.# #.#.# #.#
#.###### ##########.# #g#)# #.#
#......# ........##.# #g#.# #.#
######.# ........##.#
#@#.###.########..
........##.#####.#.##..........##
........##.......#.........รท...#
........#######..###...........#
##...................#.#########
#.....#############.#.# #.....#
#......#+##
#.....########.#.......#########
#####.#........#.......'........


You could see 2 gnolls.

Vanquished Creatures
  An orc priest (D:2)
  Jessica (D:2)
  2 gnolls (D:2)
  A dart slug (D:2)
  4 orcs (D:2)
  3 endoplasms
  5 goblins
  3 hobgoblins (D:2)
  4 jackals (D:2)
  A quokka (D:2)
  7 ball pythons
  5 bats
  3 frilled lizards
  A kobold (D:1)
  4 rats
45 creatures vanquished.

Notes
Turn   | Place    | Note
-------+----------+-------------------------------------------
     0 | D:1      | Maxmaps the Demonspawn Hunter began the quest for the Orb.
     0 | D:1      | Reached XP level 1. HP: 16/16 MP: 1/1
   421 | D:1      | Reached skill level 4 in Ranged Weapons
   424 | D:1      | Gained mutation: You have a pair of small antennae on your
                  | head. [demonic ancestry]
   424 | D:1      | Reached XP level 2. HP: 20/22 MP: 2/2
   485 | D:1      | Found a faded altar of an unknown god.
   864 | D:2      | Noticed Jessica
   928 | D:2      | Killed Jessica
   929 | D:2      | Gained mutation: You have a pair of antennae on your head.
                  | [demonic ancestry]
   929 | D:2      | Reached XP level 3. HP: 17/27 MP: 3/3
  1039 | D:2      | Reached skill level 5 in Ranged Weapons
  1039 | D:2      | Reached XP level 4. HP: 33/33 MP: 4/4
  1423 | D:2      | Found a runed translucent door.
  1424 | D:2      | Noticed Crazy Yiuf
  1746 | D:2      | Slain by a gnoll

Illustrated notes

Levels and vault maps discovered:
D:1:      dpeg_arrival_short_road, layout_loops_corners,
          hellmonk_ecumenical_altar_blasted, minmay_misc_feat_doors,
          minmay_shallow_snake_nest
D:2:      layout_basic, uniq_crazy_yiuf_cottage, uniq_jessica

Skill      XL: |  1  2  3 |
---------------+----------+-----
Ranged Weapons | 4 5 |  5.7
Fighting       | |  2.0
Dodging        | |  1.7
Stealth        | |  0.8

Action                     |  1- 3 |  4- 6 || total
---------------------------+-------+-------++-------
   Fire: Shortbow          |    66 |    72 ||   138
 Armour: Leather armour    |     7 |    11 ||    18
  Dodge: Dodged            |    18 |    29 ||    47

Table legend: (Time is in decaauts)
 A = Elapsed time spent in this place.
 B = Non-inter-level travel time spent in this place.
 C = Inter-level travel time spent in this place.
 D = Time resting spent in this place.
 E = Time spent auto-exploring this place.
 F = Levels seen in this place.
 G = Mean time per level.
                   A        B        C        D        E       F      G
               +--------+--------+--------+--------+--------+-----+--------+
         Total |   1774 |   1752 |     22 |     41 |   1478 |   2 |  887.0 |
       Dungeon |   1774 |   1752 |     22 |     41 |   1478 |   2 |  887.0 |
               +--------+--------+--------+--------+--------+-----+--------+

Top non-repeatable levels by time:
     D:1: 919 daAuts
     D:2: 854 daAuts
